 Dungeon Crawl Stone Soup version 0.31-a0-277-g31ea1f65cc (webtiles) character file.

Game seed: 6758258908668762076

181 Sabo the Charlatan (level 5, -1/35 (38) HPs)
             Began as a Demonspawn Artificer on July 15, 2023.
             Slain by a wight
             ... wielding a +2 flail
              (3 damage)
             ... on level 4 of the Dungeon.
             The game lasted 00:16:39 (2853 turns).

Sabo the Charlatan (Demonspawn Artificer)           Turns: 2853, Time: 00:16:41

HP:   -1/35 (38)    AC:  9    Str: 14    XL:     5   Next: 34%
MP:   0/5           EV:  7    Int: 19    God:
Gold: 108           SH:  0    Dex: 13    Spells: 4/4 levels left

rFire   . . .        b - +4 sling
rCold   . . .        (no shield)
rNeg    . . .        n - +0 chain mail
rPois   .            (no helmet)
rElec   .            (no cloak)
rCorr   .            g - +0 pair of gloves
SInv    .            (no boots)
Will    .....        v - amulet of guardian spirit Stlth
                     a - +6 ring of intelligence
HPRegen 0.25/turn    (no ring)
MPRegen 0.09/turn

%: guardian spirit
@: drained
A: powered by pain 2
a: no special abilities


You were on level 4 of the Dungeon.
You visited 1 branch of the dungeon, and saw 4 of its levels.

You collected 108 gold pieces.

Inventory:

Hand Weapons
 b - a +4 sling (weapon)
 k - a +1 dagger of freezing
 l - a +0 war axe
Missiles
 q - 5 boomerangs
Armour
 g - a +0 pair of gloves (worn)
 n - a +0 chain mail (worn)
Jewellery
 a - a +6 ring of intelligence (left hand)
 v - an amulet of guardian spirit (around neck)
Talismans
 o - a beast talisman
Wands
 c - a wand of flame (15)
 d - a wand of charming (15)
 e - a wand of iceblast (5)
Scrolls
 p - a scroll of identify {unknown}
 s - a scroll of brand weapon {unknown}
Potions
 f - a potion of attraction {unknown}
 h - 2 potions of heal wounds {unknown}
 i - a potion of brilliance {unknown}
 j - a potion of lignification {unknown}
 m - a potion of degeneration {unknown}
 r - a potion of curing {unknown}
 t - a potion of enlightenment {unknown}


   Skills:
 + Level 2.0 Fighting
 + Level 0.1 Maces & Flails
 + Level 3.2 Ranged Weapons
 + Level 2.3 Armour
 + Level 1.5 Dodging
 + Level 1.0 Stealth
 + Level 3.5 Evocations


You had 4 spell levels left.
You didn't know any spells.
Your spell library contained the following spells:

 Spells                   Type           Power      Damage    Failure   Level
 Cigotuvi's Dreadful Rot  Necr/Pois/Air  0%         N/A       99%         2
 Ignite Poison            Fire/Tmut/Pois 0%         N/A       100%        3
 Portal Projectile        Hex/Tloc       0%         N/A       100%        3
 Tukima's Dance           Hex            0%         N/A       100%        3
 Iskenderun's Mystic Bla  Conj/Tloc      0%         2d3       100%        4
 Freezing Cloud           Conj/Ice/Air   0%         6-21      100%        5


Dungeon Overview and Level Annotations

Branches:
Dungeon (4/15)
 Temple: D:4-7

Altars:


Innate Abilities, Weirdness & Mutations

You sometimes gain power by taking damage.


Message History

The endoplasm freezes you.
You are frozen.
The hobgoblin hits you but does no damage.
The hobgoblin barely misses you. The wight hits you with a +2 flail!
The endoplasm freezes you.
You are frozen.
Unknown command.
You shoot a sling bullet.
The sling bullet closely misses the hobgoblin.
The wight closely misses you.
The endoplasm hits you but does no damage.
The hobgoblin hits you but does no damage.
The hobgoblin hits you.
A wight comes into view. It is wielding a +4 flail.
The wight closely misses you. The endoplasm barely misses you.
You shoot a sling bullet. The sling bullet hits the hobgoblin!
You kill the hobgoblin!
The wight hits you with a +2 flail!
You focus on the pain.
You feel your power returning. The endoplasm freezes you.
You are frozen.
The endoplasm attacks as you move away!
The endoplasm hits you but does no damage.
The wight attacks as you move away! The wight barely misses you.
You see here a hobgoblin corpse.
There are monsters nearby!
The wight hits you with a +2 flail!
Keep transforming yourself?
* * * LOW HITPOINT WARNING * * *
You feel drained.
You begin transforming.
You continue transforming.
The wight hits you with a +2 flail.
* * * LOW HITPOINT WARNING * * *
You feel drained.
* * * LOW HITPOINT WARNING * * *
You continue transforming.
The wight barely misses you.
You continue transforming.
The wight hits you with a +2 flail.
You die...

..# #........ ..#
..##...... ..#
..##.... ..#
#.##.!# .. ..#####
#####.##z.##..##
......#
#.....##Jz......
....†.#
#...>.##z##.....
##....###.....##z#
.###
#............##@#
#
#............##.#
#......[........#
#........g...##[#
#...........†##..#
##........##.##..#
########.##.###..
#.##.. ... .......
.###


You could see 4 wights and an endoplasm.

Vanquished Creatures
  A hound (D:4)
  3 gnolls (D:3)
  5 adders
  An ufetubus (D:4)
  A worm (D:2)
  A dart slug (D:2)
  An orc (D:4)
  3 endoplasms
  3 giant cockroaches
  9 goblins
  3 hobgoblins
  7 jackals
  2 quokkas
  11 ball pythons
  2 bats
  6 frilled lizards
  6 kobolds (D:1)
  6 rats
71 creatures vanquished.

Notes
Turn   | Place    | Note
-------+----------+-------------------------------------------
     0 | D:1      | Sabo the Demonspawn Artificer began the quest for the Orb.
     0 | D:1      | Reached XP level 1. HP: 15/15 MP: 1/1
   143 | D:1      | Reached skill level 1 in Stealth
   268 | D:1      | Reached skill level 1 in Dodging
   477 | D:1      | Gained mutation: You sometimes gain a little power by
                  | taking damage. [demonic ancestry]
   477 | D:1      | Reached XP level 2. HP: 19/21 MP: 2/2
  1210 | D:2      | Reached skill level 1 in Ranged Weapons
  1210 | D:2      | Reached XP level 3. HP: 26/26 MP: 3/3
  1636 | D:3      | Found a faded altar of an unknown god.
  1869 | D:3      | Reached XP level 4. HP: 32/32 MP: 4/4
  2503 | D:3      | Gained mutation: You sometimes gain power by taking damage.
                  | [demonic ancestry]
  2503 | D:3      | Reached XP level 5. HP: 37/38 MP: 5/5
  2851 | D:4      | HP: 1/35 [wight/+2 flail (1)]
  2853 | D:4      | Slain by a wight

Illustrated notes

Levels and vault maps discovered:
D:1:      grunt_arrival_crossed_arrows, layout_basic
D:2:      layout_rooms, minmay_misc_feat_doors
D:3:      layout_loops_ring, chequers_ecumenical_altar_lobes
D:4:      layout_basic, uniq_sigmund

Skill      XL: |  1  2  3  4  5 |
---------------+----------------+-----
Stealth        | 1 |  1.0
Dodging        | 1 |  1.5
Armour         | 2 |  2.3
Ranged Weapons | 1 2 3 |  3.2
Fighting       | 2 |  2.0
Maces & Flails | |  0.1
Evocations     | |  3.5

Action                     |  1- 3 |  4- 6 || total
---------------------------+-------+-------++-------
  Melee: Short sword       |    49 |       ||    49
         Club              |    19 |       ||    19
   Fire: Sling             |    91 |   100 ||   191
    Use: Scroll            |       |     3 ||     3
   Stab: Sleeping          |     1 |       ||     1
 Armour: Leather armour    |    19 |       ||    19
         Ring mail         |    21 |       ||    21
         Chain mail        |    65 |    80 ||   145
  Dodge: Dodged            |   112 |    56 ||   168
   Form: Beast             |       |     1 ||     1

Table legend: (Time is in decaauts)
 A = Elapsed time spent in this place.
 B = Non-inter-level travel time spent in this place.
 C = Inter-level travel time spent in this place.
 D = Time resting spent in this place.
 E = Time spent auto-exploring this place.
 F = Levels seen in this place.
 G = Mean time per level.
                   A        B        C        D        E       F      G
               +--------+--------+--------+--------+--------+-----+--------+
         Total |   2986 |   2986 |      0 |    430 |      0 |   4 |  746.5 |
       Dungeon |   2986 |   2986 |      0 |    430 |      0 |   4 |  746.5 |
               +--------+--------+--------+--------+--------+-----+--------+

Top non-repeatable levels by time:
     D:3: 1184 daAuts
     D:1: 1073 daAuts
     D:2: 569 daAuts
     D:4: 159 daAuts
